 Dungeon Crawl Stone Soup version 0.30.0-2-g1aa4bd4387 (webtiles) character file.

Game seed: 14595730427125485564

1181 Jarnaxa the Cleaver (level 8, -4/70 HPs)
             Began as a Hill Orc Fighter on May 7, 2023.
             Slain by a steam dragon (7 damage)
             ... on level 6 of the Dungeon.
             The game lasted 00:08:12 (4417 turns).

Jarnaxa the Cleaver (Hill Orc Fighter)              Turns: 4417, Time: 00:08:13

Health: -4/70      AC: 11    Str: 21    XL:     8   Next: 42%
Magic:  8/8        EV:  9    Int:  8    God:
Gold:   303        SH:  8    Dex: 10    Spells: 7/7 levels left

rFire   . . .        a - +0 war axe
rCold   . . .        f - +0 kite shield
rNeg    . . .        d - +4 scale mail {Will+}
rPois   .            (no helmet)
rElec   .            (no cloak)
rCorr   +            (no gloves)
SInv    +            (no boots)
Will    +....        (no amulet) Stlth
                     l - ring of see invisible
HPRegen 0.31/turn    o - ring of resist corrosion
MPRegen 0.11/turn

%: no passive effects
@: no status effects
A: no striking features
a: no special abilities


You were on level 6 of the Dungeon.
You visited 1 branch of the dungeon, and saw 6 of its levels.

You collected 303 gold pieces.

Inventory:

Hand Weapons
 a - a +0 war axe (weapon)
Missiles
 g - a throwing net (quivered)
Armour
 d - a +4 scale mail of willpower (worn)
 f - a +0 kite shield (worn)
Jewellery
 e - a ring of magical power
 l - a ring of see invisible (left hand)
 o - a ring of resist corrosion (right hand)
Wands
 b - a wand of flame (20)
 n - a wand of mindburst (9)
Scrolls
 h - 2 scrolls of fog
 j - 3 scrolls of noise
 k - 2 scrolls of amnesia
 s - 2 scrolls of teleportation
Potions
 c - 2 potions of curing
 i - 2 potions of cancellation
 m - 3 potions of heal wounds
 q - a potion of mutation
 r - a potion of attraction


   Skills:
 + Level 5.9 Fighting
 + Level 9.3 Axes
 + Level 5.5 Armour
 + Level 1.6 Dodging
 + Level 0.2 Stealth
 + Level 4.8 Shields


You had 7 spell levels left.
You didn't know any spells.
Your spell library contained the following spells:

 Spells                   Type           Power      Damage    Failure   Level
 Necrotise                Necr           0%         1d4       94%         1
 Cigotuvi's Dreadful Rot  Necr/Pois/Air  0%         N/A       98%         2
 Ensorcelled Hibernation  Hex/Ice        0%         N/A       98%         2
 Passwall                 Tmut/Erth      0%         N/A       98%         2
 Ignite Poison            Fire/Tmut/Pois 0%         N/A       100%        3
 Swiftness                Air            0%         N/A       100%        3
 Vampiric Draining        Necr           0%         2d6       100%        3
 Agony                    Necr           0%         N/A       100%        5
 Freezing Cloud           Conj/Ice/Air   0%         6-21      100%        5


Dungeon Overview and Level Annotations

Branches:
Dungeon (6/15)
 Temple: D:4-7

Altars:
Gozag
Kikubaaqudgha
Nemelex Xobeh
Yredelemnul

Annotations:
D:4 1 runed translucent door


Message History

The steam dragon breathes steam at you. The ball of steam hits you!
* * * LOW HITPOINT WARNING * * *
The hound barely misses you.
You hear a shout!
You feel much better.
You are engulfed in a cloud of scalding steam.
The hound barely misses you. You block the steam dragon's attack.
The steam dragon claws you but does no damage.
The hound attacks as you move away! The hound bites you but does no damage.
The steam dragon bites you but does no damage.
The steam dragon claws you but does no damage.
The steam dragon bites you! The steam dragon claws you.
The hound bites you but does no damage.
You closely miss the steam dragon.
The steam dragon is lightly wounded.
You hit the steam dragon but do no damage.
You closely miss the hound. The hound barely misses you.
You block the steam dragon's attack. The steam dragon claws you.
* * * LOW HITPOINT WARNING * * *
The steam dragon bites you but does no damage.
You block the steam dragon's attack.
You hit the steam dragon.
The steam dragon is moderately wounded.
You completely miss the hound. You closely miss the steam dragon.
The hound bites you but does no damage. The steam dragon breathes steam at you.
The ball of steam hits you!
* * * LOW HITPOINT WARNING * * *
The steam dragon bites you.
* * * LOW HITPOINT WARNING * * *
You block the steam dragon's attack. The hound bites you.
* * * LOW HITPOINT WARNING * * *
You slash the steam dragon!
The steam dragon is severely wounded.
You slash the hound! You closely miss the steam dragon.
You are engulfed in a cloud of scalding steam.
The hound is engulfed in a cloud of scalding steam.
The hound misses you. The steam dragon bites you!
You die...

####.####.........
.........§.........
.........§.§.......
......#§.§.§..$.##.
#.....§.?.§.......
#........<.......
.#..............
##.§D§#......###
#..§@D†....#..#
#..##h.#..## .# ##
##.#..# # ####..#
.... #.... #...


You could see 2 steam dragons and a hound.

Vanquished Creatures
  A black bear (D:6)
  2 ogres (D:5)
  3 phantoms
  3 scorpions
  2 vampire bats (D:5)
  2 orc priests (D:5)
  A jelly (D:4)
  2 iguanas
  Ijyb (D:4)
  Terence (D:3)
  2 orc wizards
  4 gnolls (D:5)
  5 adders
  A river rat (D:5)
  A shadow imp (D:4)
  2 worms
  A dart slug (D:1)
  8 orcs
  3 bat skeletons (D:5)
  3 bat zombies (D:5)
  6 endoplasms
  3 giant cockroaches
  9 goblins
  7 hobgoblins
  6 jackals
  2 quokkas (D:2)
  8 ball pythons
  3 bats
  4 frilled lizards (D:1)
  A goblin zombie (D:4)
  4 kobolds
  A kobold skeleton (D:4)
  A kobold zombie (D:4)
  6 rats
109 creatures vanquished.

Vanquished Creatures (others)
  An adder (D:6)
1 creature vanquished.

Grand Total: 110 creatures vanquished

Notes
Turn   | Place    | Note
-------+----------+-------------------------------------------
     0 | D:1      | Jarnaxa the Hill Orc Fighter began the quest for the Orb.
     0 | D:1      | Reached XP level 1. HP: 19/19 MP: 1/1
   185 | D:1      | Reached XP level 2. HP: 27/27 MP: 2/2
   230 | D:1      | Reached skill level 3 in Axes
   536 | D:1      | Reached XP level 3. HP: 33/33 MP: 3/3
  1557 | D:3      | Noticed Terence
  1562 | D:3      | Killed Terence
  1563 | D:3      | Reached skill level 4 in Axes
  1563 | D:3      | Reached XP level 4. HP: 33/40 MP: 4/4
  2125 | D:4      | Noticed Ijyb
  2147 | D:4      | Identified the +2 mace of the Thing {elec, rC+ Str+2}
  2159 | D:4      | Killed Ijyb
  2306 | D:4      | Reached skill level 1 in Dodging
  2306 | D:4      | Reached XP level 5. HP: 45/46 MP: 5/5
  2588 | D:4      | Reached skill level 5 in Axes
  2628 | D:4      | Found a runed translucent door.
  2628 | D:4      | Noticed a human
  2632 | D:4      | Found a basalt altar of Yredelemnul.
  2735 | D:4      | Noticed a phantom
  2745 | D:4      | Killed a phantom
  2746 | D:4      | Reached XP level 6. HP: 53/53 MP: 6/6
  2843 | D:4      | Found a sparkling altar of Nemelex Xobeh.
  2844 | D:4      | Found an opulent altar of Gozag.
  2850 | D:4      | Reached skill level 6 in Axes
  3059 | D:5      | Entered Level 5 of the Dungeon
  3071 | D:5      | Reached skill level 5 in Fighting
  3077 | D:5      | Reached skill level 7 in Axes
  3077 | D:5      | Reached XP level 7. HP: 47/61 MP: 7/7
  3215 | D:5      | Reached skill level 5 in Armour
  3404 | D:5      | Reached skill level 8 in Axes
  3724 | D:5      | Reached XP level 8. HP: 31/70 MP: 8/8
  3872 | D:5      | Found an ancient bone altar of Kikubaaqudgha.
  3933 | D:5      | Reached skill level 9 in Axes
  4416 | D:6      | HP: 2/70 [hound (2)]
  4417 | D:6      | Slain by a steam dragon

Illustrated notes

Levels and vault maps discovered:
D:1:      elethiomel_arrival_shortcut, layout_loops_ring, hangedman_decor_lopped
D:2:      layout_basic, dk_noncrumbling_2
D:3:      layout_basic, uniq_terence
D:4:      layout_basic, grunt_temple_overflow_opulence, dk_yredelemnul_ordeal,
          uniq_ijyb
D:5:      layout_loops_ring, kennysheep_vampire_church, portal_sewer_entry_b,
          minmay_hedge_maze, nicolae_concentric_dashed_squares_wild,
          corexii_shack, minmay_fountain_box
D:6:      layout_cave_pools, mainiacjoe_overflow_alcove_4, old_standard_altar,
          nicolae_overflow_hidden_temple, uniq_duvessa

Skill      XL: |  1  2  3  4  5  6  7  8 |
---------------+-------------------------+-----
Axes           | 3 4 5 7 8 9 |  9.3
Fighting       | 4 5 |  5.9
Armour         | 4 5 |  5.5
Dodging        | 1 |  1.6
Shields        | 4 |  4.8
Stealth        | |  0.2

Action                     |  1- 3 |  4- 6 |  7- 9 || total
---------------------------+-------+-------+-------++-------
  Melee: War axe           |   117 |    82 |   110 ||   309
    Use: Scroll            |     5 |     4 |     3 ||    12
         Potion            |     1 |     4 |     2 ||     7
 Armour: Scale mail        |    61 |    48 |    87 ||   196
  Dodge: Dodged            |    58 |    36 |    53 ||   147
  Block: Buckler           |    27 |     3 |       ||    30
         Kite shield       |       |    23 |    78 ||   101
